 Dungeon Crawl Stone Soup version 0.23.2-11-gf996548c65 (webtiles) character file.

Game seed: 3632457909613681633

42340 MalarOregon the Fighter (level 14, 0/127 HPs)
             Began as a Ghoul Fighter on June 5, 2019.
             Was an Elder of Makhleb.
             Slain by a dire elephant (31 damage)
             ... on level 6 of the Lair of Beasts.
             The game lasted 00:44:31 (19542 turns).

MalarOregon the Fighter (Ghoul Fighter)            Turns: 19542, Time: 00:44:32

Health: 0/127      AC:  8    Str: 21    XL:     14   Next: 19%
Magic:  19/19      EV: 13    Int:  7    God:    Makhleb [****..]
Gold:   963        SH: 12    Dex:  8    Spells: 15/21 levels left

rFire    . . .     SeeInvis .     - Unarmed
rCold    + . .     Gourm    .   b - +1 shield
rNeg     + + +     Faith    .   D - +2 robe {MR+}
rPois    ∞         Spirit   .   q - +1 helmet
rElec    .         Reflect  .   (no cloak)
rCorr    .         Harm     .   j - +0 pair of gloves
MR       ++...                  (no boots)
Stlth    +.........             d - amulet of magic regeneration
HPRegen  0.00/turn              u - ring of flight
MPRegen  0.41/turn              (no ring)

@: rotting
A: rotting body, claws 1, carnivore, cold resistance 1, negative energy
resistance 3, inhibited regeneration, torment resistance, unbreathing
a: Minor Destruction, Lesser Servant of Makhleb, Major Destruction, Renounce
Religion, Evoke Flight


You were on level 6 of the Lair of Beasts.
You worshipped Makhleb.
Makhleb was greatly pleased with you.
You were not hungry.

You visited 3 branches of the dungeon, and saw 18 of its levels.

You collected 963 gold pieces.

Inventory:

Missiles
 w - 14 throwing nets (quivered) {!f}
Armour
 b - a +1 shield (worn)
 j - a +0 pair of gloves (worn)
   (You found it on level 4 of the Lair of Beasts)
 m - a +0 robe of fire resistance
   (You took it off an orc wizard on level 7 of the Dungeon)
 q - a +1 helmet (worn)
   (You found it on level 4 of the Dungeon)
 D - a +2 robe of magic resistance (worn)
   (You took it off an orc wizard on level 9 of the Dungeon)
 F - a +2 robe of cold resistance
   (You took it off a wight on level 9 of the Dungeon)
Magical Staves
 o - an uncursed staff of summoning
   (You found it on level 2 of the Dungeon)
Jewellery
 d - an amulet of magic regeneration (around neck)
   (You found it on level 1 of the Dungeon)
 g - an uncursed ring of ice
   (You took it off a crimson imp on level 5 of the Dungeon)
 u - a ring of flight (left hand)
   (You found it on level 6 of the Dungeon)
 I - an uncursed ring of stealth {unknown}
   (You found it on level 4 of the Lair of Beasts)
Wands
 t - a wand of flame (38)
   (You took it off a big kobold on level 9 of the Dungeon)
 v - a wand of digging (5)
   (You found it on level 8 of the Dungeon)
 x - a wand of acid (6)
   (You found it on level 5 of the Lair of Beasts)
Scrolls
 a - 2 scrolls of blinking
 f - 2 scrolls of enchant weapon
 h - 14 scrolls of remove curse {@r2}
 i - 7 scrolls of teleportation {@r4}
 l - 4 scrolls of fear
 n - a scroll of identify {@r1}
 r - 3 scrolls of enchant armour
 y - 3 scrolls of fog
 B - 3 scrolls of magic mapping
 C - a scroll of summoning
 E - a scroll of vulnerability {!r}
 G - 2 scrolls of immolation {!r}
Potions
 k - 2 potions of flight
 p - a potion of agility {unknown}
 s - 7 potions of curing {@q1}
 z - a potion of might
 A - 2 potions of brilliance
 H - a potion of magic {unknown}
Comestibles
 e - 33 rations {!d}


   Skills:
 + Level 12.3 Fighting
 - Level 6.0 Armour
 - Level 6.0 Dodging
 + Level 10.2 Shields
 + Level 12.2 Unarmed Combat
 - Level 4.0 Spellcasting
 - Level 3.0 Summonings
 - Level 3.0 Translocations
 - Level 5.0 Ice Magic
 + Level 9.1 Invocations
 - Level 4.0 Evocations


You had 15 spell levels left.
You knew the following spells:

 Your Spells              Type           Power        Failure   Level  Hunger
b - Blink                 Tloc           N/A          24%         2    ###....
d - Summon Ice Beast      Ice/Summ       #.......     73%         4    #####..

Your spell library contained the following spells:

 Spells                   Type           Power        Failure   Level  Hunger
 Freeze                   Ice            #...         8%          1    ##.....
 Apportation              Tloc           #.....       16%         1    ##.....
 Summon Small Mammal      Summ           #...         17%         1    ##.....
 Call Imp                 Summ           #.......     26%         2    ###....
 Throw Frost              Conj/Ice       #.....       30%         2    ###....
 Animate Skeleton         Necr           N/A          50%         1    ##.....
 Confusing Touch          Hex            #.....       50%         1    ##.....
 Corona                   Hex            #......      50%         1    ##.....
 Magic Dart               Conj           #...         50%         1    ##.....
 Sandblast                Erth           #.....       50%         1    ##.....
 Shock                    Conj/Air       #...         50%         1    ##.....
 Ozocubu's Armour         Chrm/Ice       #.......     52%         3    ####...
 Passwall                 Tmut/Erth      #.......     65%         2    ###....
 Slow                     Hex            #.......     65%         2    ###....
 Swiftness                Chrm/Air       #.......     65%         2    ###....
 Portal Projectile        Hex/Tloc       #.....       67%         3    ####...
 Conjure Flame            Conj/Fire      #.......     86%         3    ####...
 Inner Flame              Hex/Fire       #.......     86%         3    ####...
 Mephitic Cloud           Conj/Pois/Air  #.......     86%         3    ####...
 Static Discharge         Conj/Air       #.......     86%         3    ####...
 Stone Arrow              Conj/Erth      #.....       86%         3    ####...
 Throw Icicle             Conj/Ice       #.......     90%         4    #####..
 Airstrike                Air            #.........   99%         4    #####..
 Cause Fear               Hex            #.........   99%         4    #####..
 Leda's Liquefaction      Hex/Erth       #.........   99%         4    #####..
 Petrify                  Tmut/Erth      #.......     99%         4    #####..
 Lee's Rapid Deconstruct  Erth           #.........   100%        5    ######.
 Lightning Bolt           Conj/Air       #.........   100%        5    ######.


Dungeon Overview and Level Annotations

Branches:
Dungeon (11/15)            Temple (1/1) D:7            Lair (6/6) D:11
 Shoals (0/4) Lair:4       Spider (0/4) Lair:2        Slime (0/5) Lair:5
    Orc (0/2) D:10

Altars:
Ashenzari
Cheibriados
Dithmenos
Fedhas
Gozag
Hepliaklqana
Kikubaaqudgha
Makhleb
Nemelex Xobeh
Okawaru
Qazlal
Ru
Sif Muna
Trog
Uskayaw
Vehumet
Wu Jian
Xom
Yredelemnul
Zin
The Shining One
Jiyva

Shops:
D:10 (   D:11 ==

Annotations:
D:9 2 transporters, Tallim's ghost, novice MiBe
Lair:1 1 runed translucent door, RadicalHijinx's ghost, journeyman OgTm


Innate Abilities, Weirdness & Mutations

Your body is rotting away.
You thrive on raw meat.
You are immune to poison.
You have sharp fingernails.
You are carnivorous and can eat meat at any time.
Your flesh is cold resistant. (rC+)
You are immune to negative energy. (rN+++)
You do not regenerate when monsters are visible.
You are immune to unholy pain and torment.
You can survive without breathing.


Message History

You hit the dire elephant but do no damage.
The dire elephant tramples you.
* * * LOW HITPOINT WARNING * * *
You hold your ground!
The dire elephant completely misses you.
The dire elephant tramples you!
* * * LOW HITPOINT WARNING * * *
You hold your ground!
The dire elephant closely misses you.
You swap places.
Your orange demon stings the dire elephant.
Your orange demon hits the dire elephant but does no damage.
Your smoke demon hits the dire elephant but does no damage. x2
Your smoke demon hits the dire elephant.
The dire elephant tramples your smoke demon!!
Your smoke demon holds its ground!
The dire elephant trunk-slaps your smoke demon.
The dire elephant tramples your smoke demon!
Your smoke demon holds its ground!
Your smoke demon dies!
A demon appears!
Your orange demon stings the dire elephant.
Your orange demon splashes around in the water.
Your orange demon splashes around in the water.
Your orange demon hits the dire elephant but does no damage.
You hit the dire elephant but do no damage.
Your orange demon splashes around in the water.
The dire elephant tramples your orange demon!
Your orange demon stumbles backwards!
Your orange demon stings the dire elephant but does no damage.
The dire elephant barely misses you. The dire elephant trunk-slaps you.
* * * LOW HITPOINT WARNING * * *
Your orange demon stings the dire elephant.
Your orange demon hits the dire elephant but does no damage.
The dire elephant tramples your orange demon!!
Your orange demon holds its ground!
The dire elephant trunk-slaps your orange demon!
There is a large open door here.
Your orange demon stings the dire elephant but does no damage.
Your orange demon hits the dire elephant.
Your orange demon stings the dire elephant but does no damage.
The dire elephant tramples your orange demon but does no damage.
The dire elephant trunk-slaps your orange demon but does no damage.
Your orange demon stings the dire elephant!
Your orange demon hits the dire elephant.
Your orange demon stings the dire elephant but does no damage.
The dire elephant tramples your orange demon!!
Your orange demon holds its ground!
Your orange demon dies!
A demon appears!
The dire elephant tramples you!!
You die...

#..≈≈≈##.#.#....
##...≈#..#.P....
##4####.##......
#8.8#...#♣.....P
###Y.P#.###.......
#.#..##.##........
##.'..#..##........
###3Y'..#.##♣........
#...@####.# ♣........
#....#8...# #♣.......
##...'..### #...P...
#....#..P+ #♣..###.
##...##### #...#..
#..## #...... #..
#...... #.. #.#.##<
##♣ ♣..#...


You could see 2 dire elephants, a friendly orange demon and a friendly smoke
demon.

Vanquished Creatures
  Gastronok (D:10)
  A dire elephant (Lair:6)
  3 hydras
  5 death yaks
  Nergalle (Lair:2)
  An unseen horror (D:11)
  A cyclops (D:11)
  An oklob plant (Lair:1)
  A manticore (D:10)
  2 elephants (Lair:6)
  5 black mambas
  Psyche (D:10)
  2 kobold demonologists (D:11)
  A rime drake (Lair:4)
  8 spiny frogs
  6 komodo dragons
  A troll (D:11)
  3 polar bears
  A jumping spider (Lair:2)
  7 blink frogs (Lair:6)
  10 hippogriffs
  15 dream sheep
  2 wyverns
  33 yaks
  2 basilisks
  Edmund (D:5)
  7 porcupines
  14 water moccasins
  3 orc warriors
  2 black bears
  4 sky beasts
  3 ogres
  2 phantoms
  6 wolves (Lair:5)
  6 centaurs
  13 crocodiles
  2 big kobolds
  Blork the orc (D:4)
  A wyvern zombie (D:10)
  5 gnoll sergeants (D:7)
  12 bullfrogs
  6 scorpions
  12 killer bees
  7 wights
  A howler monkey (D:4)
  2 electric eels (Lair:3)
  6 crimson imps
  4 jellies
  2 bullfrog zombies
  9 hounds
  8 orc priests
  18 orc wizards
  2 quasits
  4 iguanas
  An iron imp (D:9)
  Jessica (D:3)
  3 bullfrog skeletons
  2 gnoll shamans (D:7)
  Ijyb (D:4)
  5 worker ants
  Natasha (thrice) (D:4)
  A hound zombie (D:10)
  A howler monkey skeleton (D:9)
  26 gnolls (D:7)
  9 adders
  4 shadow imps
  An adder skeleton (D:5)
  3 worms
  2 dart slugs (D:2)
  A leopard gecko (D:3)
  36 orcs
  A giant cockroach (D:6)
  3 goblins (D:2)
  9 hobgoblins
  16 jackals
  3 quokkas
  6 bats
  16 kobolds
  A leopard gecko skeleton (D:4)
  A leopard gecko zombie (D:5)
  A quokka skeleton (D:8)
  8 rats
  5 plants
447 creatures vanquished.

Vanquished Creatures (collateral kills)
  3 hydras
  An anaconda (Lair:6)
  2 elephants (Lair:6)
  A spiny frog (Lair:4)
  A rime drake (Lair:5)
  A komodo dragon (Lair:4)
  A blink frog (Lair:6)
  A hippogriff (Lair:5)
  3 dream sheep (Lair:6)
  2 crocodiles (Lair:5)
  An electric eel (Lair:6)
  A plant (Lair:6)
18 creatures vanquished.

Vanquished Creatures (others)
  A bush (Lair:6)
  14 fungi
  9 plants
24 creatures vanquished.

Grand Total: 489 creatures vanquished

Notes
Turn   | Place    | Note
-------+----------+-------------------------------------------
     0 | D:1      | MalarOregon the Ghoul Fighter began the quest for the Orb.
     0 | D:1      | Reached XP level 1. HP: 19/19 MP: 0/0
   586 | D:2      | Reached XP level 2. HP: 26/26 MP: 1/1
   729 | D:2      | Reached XP level 3. HP: 30/31 MP: 2/2
   756 | D:2      | Noticed a bullfrog
   764 | D:2      | Killed a bullfrog
   764 | D:2      | Reached XP level 4. HP: 28/40 MP: 3/3
   900 | D:2      | Reached XP level 5. HP: 30/46 MP: 4/4
  1262 | D:3      | Noticed Jessica
  1279 | D:3      | Killed Jessica
  1718 | D:3      | Found a stormy altar of Qazlal.
  2030 | D:3      | Reached XP level 6. HP: 53/53 MP: 5/5
  2225 | D:4      | Noticed Natasha
  2225 | D:4      | Noticed Blork the orc
  2268 | D:4      | Noticed Ijyb
  2491 | D:4      | Killed Ijyb
  2606 | D:4      | Killed Natasha
  2642 | D:4      | Reached skill level 5 in Fighting
  2865 | D:4      | Noticed Natasha
  2874 | D:4      | Killed Natasha
  2874 | D:4      | Reached XP level 7. HP: 50/61 MP: 6/6
  3054 | D:4      | Noticed Natasha
  3083 | D:4      | Killed Natasha
  3099 | D:4      | Killed Blork the orc
  3348 | D:5      | Entered Level 5 of the Dungeon
  3458 | D:5      | Reached skill level 5 in Unarmed Combat
  3655 | D:5      | Reached XP level 8. HP: 57/70 MP: 7/7
  3677 | D:5      | Noticed Edmund
  3721 | D:5      | Reached skill level 5 in Armour
  3721 | D:5      | Reached skill level 5 in Shields
  3726 | D:5      | Killed Edmund
  3932 | D:5      | Found a shadowy altar of Dithmenos.
  4304 | D:6      | Found a deep blue altar of Sif Muna.
  4319 | D:6      | Reached XP level 9. HP: 59/78 MP: 8/8
  5599 | D:7      | Found a staircase to the Ecumenical Temple.
  5608 | Temple   | Entered the Ecumenical Temple
  5798 | Temple   | Became a worshipper of Makhleb the Destroyer
  5844 | D:7      | Found a blossoming altar of Fedhas.
  6043 | D:7      | Reached skill level 1 in Invocations
  6270 | D:7      | Reached * piety under Makhleb
  6556 | D:7      | Found an ornate altar of the Wu Jian Council.
  6664 | D:8      | Reached XP level 10. HP: 78/88 MP: 11/11
  6854 | D:8      | Found a blossoming altar of Fedhas.
  6867 | D:8      | Reached ** piety under Makhleb
  6926 | D:8      | Learned a level 2 spell: Blink
  6931 | D:8      | Learned a level 4 spell: Summon Ice Beast
  7576 | D:8      | Found a sparkling altar of Nemelex Xobeh.
  7824 | D:9      | Found a transporter.
  7834 | D:9      | Noticed Tallim's ghost (novice MiBe)
  8157 | D:9      | Found a transporter.
  8185 | D:9      | Reached skill level 5 in Invocations
  8474 | D:9      | Found a snail-covered altar of Cheibriados.
  9024 | D:10     | Entered Level 10 of the Dungeon
  9372 | D:10     | Found a staircase to the Orcish Mines.
  9374 | D:10     | Noticed Psyche
  9393 | D:10     | Killed Psyche
  9393 | D:10     | Reached XP level 11. HP: 88/98 MP: 13/13
  9408 | D:10     | Reached skill level 10 in Fighting
  9423 | D:10     | Reached skill level 10 in Unarmed Combat
  9437 | D:10     | Reached *** piety under Makhleb
  9591 | D:10     | Found Heib's Antique Weapon Shoppe.
  9643 | D:10     | Noticed Gastronok
  9669 | D:10     | Killed Gastronok
  9669 | D:10     | Reached skill level 1 in Dodging
  9669 | D:10     | Reached skill level 1 in Spellcasting
  9669 | D:10     | Reached skill level 1 in Summonings
  9669 | D:10     | Reached skill level 1 in Translocations
  9669 | D:10     | Reached skill level 1 in Ice Magic
  9669 | D:10     | Reached skill level 1 in Evocations
 10037 | D:10     | Noticed a manticore
 10156 | D:10     | Killed a manticore
 10671 | D:11     | Found Exotak's Jewellery Shop.
 10710 | D:11     | Killed an unseen horror
 10842 | D:11     | Found Wapirph's Jewellery Boutique.
 10910 | D:11     | Got a twitching marble ring
 10917 | D:11     | Noticed a death yak
 10918 | D:11     | Found a staircase to the Lair.
 10918 | D:11     | Noticed a death yak
 10918 | D:11     | Noticed a death yak
 10918 | D:11     | Noticed a death yak
 10922 | D:11     | Noticed a death yak
 11026 | D:10     | Killed a death yak
 11125 | D:10     | Killed a death yak
 11125 | D:10     | Reached XP level 12. HP: 59/107 MP: 15/15
 11301 | D:11     | Identified the ring "Hoanelu" {MR- Str+6 Dex+3 Stlth+} (You
                  | found it on level 11 of the Dungeon)
 11381 | D:11     | Killed a death yak
 11388 | D:11     | Killed a death yak
 11390 | D:11     | Killed a death yak
 11401 | D:11     | Reached **** piety under Makhleb
 11751 | Lair:1   | Entered Level 1 of the Lair of Beasts
 11804 | Lair:1   | Noticed a seven-headed hydra
 11807 | Lair:1   | Killed a seven-headed hydra
 12239 | Lair:1   | Found a runed translucent door.
 12240 | Lair:1   | Noticed RadicalHijinx's ghost (journeyman OgTm)
 13156 | Lair:2   | Noticed Nergalle
 13164 | Lair:2   | Killed Nergalle
 13480 | Lair:2   | Reached XP level 13. HP: 102/116 MP: 17/17
 13804 | Lair:2   | Reached skill level 5 in Ice Magic
 13976 | Lair:2   | Found a hole to the Spider Nest.
 14300 | Lair:3   | Identified the Almanac of the Snowflakes
 15730 | Lair:4   | Found a staircase to the Shoals.
 16824 | Lair:5   | Found a staircase to the Slime Pits.
 16825 | Lair:5   | Found a viscous altar of Jiyva.
 17473 | Lair:6   | Entered Level 6 of the Lair of Beasts
 17761 | Lair:5   | Reached skill level 5 in Dodging
 18524 | Lair:6   | Reached ***** piety under Makhleb
 18532 | Lair:6   | Reached XP level 14. HP: 100/126 MP: 19/19
 18538 | Lair:6   | Reached skill level 10 in Shields
 19289 | Lair:6   | Noticed a dire elephant
 19316 | Lair:6   | Killed a dire elephant
 19512 | Lair:6   | Noticed a dire elephant
 19512 | Lair:6   | Noticed a dire elephant
 19542 | Lair:6   | Slain by a dire elephant

Skill      XL: |  1  2  3  4  5  6  7  8  9 10 11 12 13 14 |
---------------+-------------------------------------------+-----
Shields        | 3 4 5 7 8 9 10 | 10.2
Armour         | 3 4 5 6 |  6.0
Fighting       | 4 5 6 8 9 10 11 12 | 12.3
Unarmed Combat | 3 4 5 6 7 9 10 11 12 | 12.2
Invocations    | 2 5 7 8 9 |  9.1
Dodging        | 2 3 5 6 |  6.0
Spellcasting   | 2 3 4 |  4.0
Summonings     | 2 3 |  3.0
Translocations | 2 3 |  3.0
Ice Magic      | 2 4 5 |  5.0
Evocations     | 2 3 4 |  4.0

Action                   |  1- 3 |  4- 6 |  7- 9 | 10-12 | 13-15 || total
-------------------------+-------+-------+-------+-------+-------++-------
Melee: Unarmed           |    77 |   272 |   587 |   897 |   647 ||  2480
Throw: Throwing net      |       |       |       |     1 |       ||     1
Invok: Lesser Servant of |       |       |       |       |    14 ||    14
Evoke: Wand              |       |       |    19 |    18 |     7 ||    44
  Use: Potion            |     1 |     5 |       |     1 |     1 ||     8
       Scroll            |       |     3 |    11 |    13 |     6 ||    33
 Stab: Invisible         |       |     1 |       |     3 |       ||     4
       Held in net/web   |       |       |       |     1 |       ||     1
  Eat: Chunk             |     7 |    17 |    42 |    99 |   114 ||   279
       Ration            |       |       |       |     1 |       ||     1
Armor: Scale mail        |    30 |   110 |   285 |    39 |       ||   464
       Robe              |       |       |       |   101 |   109 ||   210
Dodge: Dodged            |    31 |    73 |   178 |   196 |   245 ||   723
Block: Shield            |    51 |   123 |   368 |   419 |   409 ||  1370
